 Dungeon Crawl Stone Soup version 0.31-a0-963-ga325b2283a (webtiles) character file.

Game seed: 17612721509189416936

92701 lunkers the Wrestler (level 16, -8/150 HPs)
             Began as a Meteoran Shapeshifter on Oct 25, 2023.
             Was a High Priest of Ru.
             Mangled by a merfolk
             ... wielding a +0 spear
             ... led by a merfolk impaler
              (13 damage)
             ... on level 3 of the Shoals on Oct 26, 2023.
             The game lasted 00:26:55 (7035 turns).

lunkers the Wrestler (Meteoran Shapeshifter)        Turns: 7035, Time: 00:26:56

Health: -8/150     AC: 11    Str: 25    XL:     16   Next: 9%
Magic:  0/17       EV: 27    Int: 11    God:    Ru [*****.]
Gold:   819        SH:  0    Dex: 19    Spells: 15/15 levels left

rFire   . .          .
                       - Unarmed
rCold   . . .        (shield currently unavailable)
rNeg    . . .        a - melded +1 animal skin
rPois   .            (helmet currently unavailable)
rElec   .            (cloak currently unavailable)
rCorr   .            (gloves currently unavailable)
SInv    .            (boots currently unavailable)
Will    ++...        j - amulet of guardian spirit Stlth
                     e - +5 ring of evasion
HPRegen 0.45/turn    t - +5 ring of evasion
MPRegen 0.15/turn

%: guardian spirit
@: lethally poisoned (-8 -> -41), snake-form, mesmerised, glowing
A: constrict, boosted hp, large, frail 1, sense surroundings 2, no stealth, no
air magic, no necromancy magic, no transmutations magic, inexperienced 1,
otherworldly, glowing, explore regen
a: Begin Untransformation, Renounce Religion, Draw Out Power, Power Leap,
Apocalypse


You were on level 3 of the Shoals.
You worshipped Ru.
Ru was extremely pleased with you.
You were an enormous anaconda.
You visited 4 branches of the dungeon, and saw 19 of its levels.
You also visited: Volcano.

You collected 819 gold pieces.

Inventory:

Hand Weapons
 P - a +1 demon blade of flaming
Missiles
 b - 4 throwing nets
Armour
 a - a +1 animal skin (melded)
 h - the +1 robe of Infinity {Contam rPois Str+5}
   (You found it on level 4 of the Dungeon)

   Str+5:     It affects your strength (+5).
   rPois:     It protects you from poison Contam: It causes magical
   contamination when unequipped.
 m - a scarf of shadows
 o - a +2 cloak
 I - a +2 hat of see invisible
 Q - a +1 cloak
Jewellery
 e - a +5 ring of evasion (left hand)
 f - a ring of see invisible
 i - an amulet of faith
 j - an amulet of guardian spirit (around neck)
 q - a ring of flight
 t - a +5 ring of evasion (right hand)
 v - a +6 ring of intelligence
 F - a +6 ring of intelligence
 M - an amulet of the acrobat
Talismans
 c - a beast talisman
 d - a flux talisman
 r - a serpent talisman (active)
 E - a blade talisman
Wands
 A - a wand of quicksilver (6)
 H - a wand of flame (15)
 N - a wand of polymorph (4)
Scrolls
 g - 7 scrolls of teleportation
 l - 2 scrolls of fog
 p - 2 scrolls of fear
 w - 6 scrolls of revelation
 y - 2 scrolls of vulnerability
 B - 2 scrolls of enchant armour
 C - a scroll of butterflies
 D - 2 scrolls of brand weapon
 S - a scroll of identify
Potions
 k - 4 potions of curing
 n - 3 potions of enlightenment
 s - 5 potions of heal wounds
 u - a potion of berserk rage
 x - 2 potions of lignification
 z - 3 potions of attraction
 J - 5 potions of mutation
 K - a potion of brilliance
 L - 2 potions of cancellation
 R - a potion of haste
Miscellaneous
 G - a lightning rod (1/4)
 O - a condenser vane (inert)


   Skills:
 + Level 12.0 Fighting
 + Level 12.1 Dodging
 * Level 21.0 Unarmed Combat
 + Level 14.4 Shapeshifting


You had 15 spell levels left.
You didn't know any spells.
Your spell library contained the following spells:

 Spells                   Type           Power      Damage    Failure   Level
 Apportation              Tloc           0%         N/A       34%         1
 Jinxbite                 Hex            0%         N/A       47%         2
 Scorch                   Fire           0%         2d5       47%         2
 Dazzling Flash           Conj/Hex       0%         N/A       71%         3
 Inner Flame              Hex/Fire       0%         N/A       71%         3
 Stone Arrow              Conj/Erth      0%         3d7       71%         3
 Animate Armour           Summ/Erth      0%         N/A       98%         4
 Flame Wave               Conj/Fire      0%         2d4       98%         4
 Olgreb's Toxic Radiance  Pois           0%         N/A       98%         4
 Sticky Flame             Conj/Fire      0%         2d3       98%         4
 Summon Cactus Giant      Summ           0%         N/A       100%        6
 Lehudib's Crystal Spear  Conj/Erth      0%         10d2      100%        8
 Sting                    Tmut/Pois      Unusable   1d3       N/A         1
 Cigotuvi's Dreadful Rot  Necr/Pois/Air  Unusable   N/A       N/A         2
 Poisonous Vapours        Pois/Air       Unusable   N/A       N/A         2
 Wereblood                Tmut           Unusable   N/A       N/A         2
 Alistair's Intoxication  Tmut/Pois      Unusable   N/A       N/A         5
 Irradiate                Conj/Tmut      Unusable   3d11      N/A         5
 Conjure Ball Lightning   Conj/Air       Unusable   3x3d6     N/A         6

Dungeon Overview and Level Annotations

Branches:
Dungeon (10/15) Zot: 1519  Temple (1/1) D:5 Zot: 557    Lair (5/5) D:10 Zot: 1322
 Shoals (3/4) Lair:3 Zot: 1385   Slime (0/5) Lair:4      Volcano (visited)
  Snake: Lair:2-3    Spider: Lair:2-3       Orc: D:9-12

Altars:
Ashenzari
Cheibriados
Dithmenos
Elyvilon
Fedhas
Hepliaklqana
Kikubaaqudgha
Makhleb
Nemelex Xobeh
Okawaru
Qazlal
Ru
Sif Muna
Trog
Uskayaw
Vehumet
Wu Jian
Xom
Yredelemnul
Zin
The Shining One
Jiyva

Shops:
D:8 !

Annotations:
D:10 exclusion: obsidian statue
Shoals:1 5 transporters


Innate Abilities, Weirdness & Mutations

You are an enormous anaconda.
You have a powerful constriction melee attack.
Your maximum health is increased.
Your armour is entirely melded.
You are incapable of wielding weapons or throwing items.
You are frail. (-10% HP)
You passively map the area around you.
You cannot be stealthy.
You cannot study or cast Air magic.
You cannot study or cast Necromancy magic.
You cannot study or cast Transmutations magic.
You are somewhat inexperienced. (-1 XL)
You are easily found by Zot.
You glow in the dark.
You regain HP and MP as you explore.


Message History

You kill the merfolk!
The thunderbolt hits the merfolk!!
You kill the merfolk!
* * * LOW HITPOINT WARNING * * *
You feel extremely sick.
The merfolk impaler is engulfed in poison gas.
The merfolk impaler looks as sick as possible!
The merfolk impaler misses you.
The merfolk is engulfed in freezing vapours.
The merfolk avatar chants its luring song.
The merfolk impaler looks as sick as possible!
The merfolk impaler hits you but does no damage.
You are more poisoned.
The faun is engulfed in blazing flames.
The merfolk barely misses you.
A water nymph comes into view.
Your Fighting skill increases to level 12!
Unknown command.
Unknown command.
Aiming: Thunderbolt
Press: ? - help, Shift-Dir - straight line, f - merfolk impaler
Aim: a merfolk impaler, wielding a +1 trident of venom and wearing a +0 robe (poison gas, moderately wounded, extremely poisoned)
The thunderbolt hits the merfolk impaler!!
The merfolk impaler is severely wounded.
The thunderbolt hits the merfolk!!
You kill the merfolk!
* * * LOW HITPOINT WARNING * * *
You feel extremely sick.
The pull of its song draws you forwards.
The merfolk avatar chants its luring song.
The merfolk impaler is engulfed in poison gas.
The merfolk impaler looks as sick as possible!
The merfolk impaler closely misses you.
The merfolk impaler is engulfed in poison gas.
The merfolk impaler looks as sick as possible!
The merfolk impaler hits you with a +1 trident of venom.
* * * LOW MAGIC WARNING * * *
* * * LOW HITPOINT WARNING * * *
The merfolk hits you from afar with a +0 spear!
* * * LOW MAGIC WARNING * * *
You die...

~, ~
~~~~~~≈≈≈~~~.#.^ *
, ,
~~~~~~≈≈≈~~~..., ~
..~~~~~≈~~~~..**,,,
, #.~~~~~~~~~.# , ,
* ** #.~~~~~~~~..,,
,, ##.~~~~~~~~~ , ~
, * #..~~~~~~~.. *
~ #.~~<..~~... , *
#.§§S...~... ,
#.mm)##.~~>., , ,,
#.☼§§# ~~~~~ , ~
*..~~§§§ , ~~~ ,
#..~~~§.. ~ ~~ ~ ,
*#..~~~§§.. ~ ~~ ~
, ,...~~~mm#. ~ ~ ~
~ ~ ,, ~..~~~~~#~~
~ ,, *, ~ ~ ~


You could see a merfolk avatar (mesmerising), a merfolk impaler (extremely
poisoned), a merfolk and a water nymph.

Vanquished Creatures
  Gastronok (D:9)
  Donald (Shoals:1)
  The ghost of Rudyous the Fighter, a journeyman DgFE (Lair:4)
  A merfolk impaler (Shoals:2)
  2 hydras
  2 catoblepae
  An alligator snapping turtle (Shoals:2)
  A deep troll shaman (Lair:5)
  6 death yaks
  2 spriggans
  3 skysharks
  4 sea snakes
  A deep elf archer (Volcano)
  2 lindwurms
  8 harpies
  5 deep elf pyromancers (Volcano)
  11 fauns
  2 manticores (Shoals:2)
  14 elephants
  A cyclops (Shoals:1)
  3 black mambas (Lair:3)
  2 merfolk sirens
  A water nymph (Shoals:2)
  6 cane toads
  5 rime drakes
  4 komodo dragons
  2 hornets
  3 polar bears
  Prince Ribbit (D:9)
  4 merfolk
  2 snapping turtles
  2 wind drakes (Shoals:1)
  2 dream sheep
  14 blink frogs
  Sigmund (D:2)
  22 yaks
  2 basilisks
  Eustachio (D:5)
  3 water elementals (Shoals:1)
  3 fire elementals (Volcano)
  2 steam dragons
  13 water moccasins
  6 hell hounds (Volcano)
  An orc warrior (D:9)
  An ice beast (D:7)
  5 boggarts (Lair:4)
  6 black bears
  12 wolves
  6 centaurs
  A kobold brigand (D:7)
  Blork the orc (D:6)
  A gnoll sergeant (D:8)
  7 bullfrogs
  2 scorpions
  5 wights (D:8)
  8 killer bees
  7 howler monkeys
  A jelly (D:6)
  A gnoll bouda (D:6)
  An orc priest (D:9)
  2 hounds
  Crazy Yiuf (D:2)
  A sleepcap (D:8)
  3 iguanas (D:5)
  3 hell rats (D:10)
  8 orc wizards
  8 adders
  14 gnolls
  2 white imps
  3 dart slugs
  4 worms
  13 orcs
  5 ball pythons
  6 bats
  4 endoplasms
  2 giant cockroaches (D:2)
  8 goblins
  2 hobgoblins
  3 jackals (D:2)
  8 quokkas
  2 frilled lizards
  8 kobolds
  7 rats
356 creatures vanquished.

Vanquished Creatures (others)
  A komodo dragon (Lair:4)
1 creature vanquished.

Grand Total: 357 creatures vanquished

Notes
Turn   | Place    | Note
-------+----------+-------------------------------------------
     0 | D:1      | lunkers the Meteoran Shapeshifter began the quest for the
                  | Orb.
     0 | D:1      | Reached XP level 1. HP: 16/16 MP: 2/2
    76 | D:1      | Reached skill level 4 in Unarmed Combat
    76 | D:1      | Reached XP level 2. HP: 16/23 MP: 3/3
   241 | D:1      | Reached XP level 3. HP: 27/28 MP: 4/4
   452 | D:2      | You fall into a shaft and drop 1 floor!
   577 | D:2      | Reached XP level 4. HP: 35/35 MP: 5/5
   662 | D:2      | Reached skill level 5 in Unarmed Combat
   783 | D:2      | Noticed Sigmund
   802 | D:2      | Killed Sigmund
   803 | D:2      | Reached skill level 6 in Unarmed Combat
   803 | D:2      | Reached skill level 5 in Shapeshifting
   803 | D:2      | Reached XP level 5. HP: 32/40 MP: 3/6
   803 | D:2      | Reached XP level 6. HP: 38/47 MP: 3/7
   991 | D:2      | Found a runed translucent door.
   992 | D:2      | Noticed Crazy Yiuf
  1000 | D:2      | Killed Crazy Yiuf
  1071 | D:3      | Reached skill level 7 in Unarmed Combat
  1228 | D:3      | Reached XP level 7. HP: 52/52 MP: 6/8
  1386 | D:4      | Identified the "Vair Cob"
  1387 | D:4      | Identified the +1 robe of Infinity {Contam rPois Str+5}
  1596 | D:4      | Reached skill level 8 in Unarmed Combat
  1790 | D:5      | Entered Level 5 of the Dungeon
  1790 | D:5      | Noticed Eustachio
  1795 | D:5      | Killed Eustachio
  1796 | D:5      | Reached XP level 8. HP: 40/59 MP: 9/9
  1991 | D:5      | Reached skill level 9 in Unarmed Combat
  2142 | D:5      | Found a staircase to the Ecumenical Temple.
  2196 | D:5      | Found a shadowy altar of Dithmenos.
  2217 | Temple   | Entered the Ecumenical Temple
  2245 | Temple   | Became a worshipper of Ru the Awakened
  2266 | D:5      | Reached skill level 10 in Unarmed Combat
  2385 | D:6      | Gained mutation: You passively map the area around you.
                  | [Meteoran growth]
  2385 | D:6      | Reached XP level 9. HP: 55/64 MP: 10/10
  2580 | D:6      | Noticed Blork the orc
  2590 | D:6      | Killed Blork the orc
  2685 | D:6      | Found a shimmering blue altar of Sif Muna.
  2686 | D:6      | Found a snail-covered altar of Cheibriados.
  2747 | D:6      | Reached skill level 11 in Unarmed Combat
  2783 | D:7      | Found a hide-covered altar of Uskayaw.
  3159 | D:7      | Found an ornate altar of the Wu Jian Council.
  3277 | D:8      | Reached skill level 12 in Unarmed Combat
  3348 | D:8      | Gained mutation: You are frail. (-10% HP) [Ru sacrifice]
  3348 | D:8      | Reached * piety under Ru
  3458 | D:8      | Reached XP level 10. HP: 65/65 MP: 11/11
  3537 | D:8      | Found a burning altar of Makhleb.
  3569 | D:8      | Found Nuemyat's Distillery.
  3627 | D:9      | Noticed Prince Ribbit
  3650 | D:9      | Killed Prince Ribbit
  3850 | D:9      | Reached skill level 13 in Unarmed Combat
  4201 | D:9      | Noticed Gastronok
  4216 | D:9      | Killed Gastronok
  4302 | D:10     | Entered Level 10 of the Dungeon
  4302 | D:10     | Noticed an obsidian statue
  4309 | D:10     | Reached XP level 11. HP: 76/76 MP: 12/12
  4346 | D:10     | Found a staircase to the Lair.
  4346 | D:10     | Noticed a death yak
  4351 | D:10     | Noticed a death yak
  4352 | D:10     | Noticed a death yak
  4357 | D:10     | Killed a death yak
  4358 | D:10     | Reached skill level 5 in Dodging
  4358 | D:10     | Reached skill level 14 in Unarmed Combat
  4368 | D:10     | Killed a death yak
  4369 | D:10     | Reached skill level 5 in Fighting
  4538 | D:10     | Killed a death yak
  4539 | D:10     | Reached skill level 10 in Shapeshifting
  4599 | Lair:1   | Entered Level 1 of the Lair of Beasts
  4736 | Lair:1   | Reached skill level 15 in Unarmed Combat
  4770 | Lair:1   | Reached XP level 12. HP: 86/86 MP: 10/13
  4777 | Lair:1   | Gained mutation: You cannot study or cast Air magic. [Ru
                  | sacrifice]
  4777 | Lair:1   | Gained mutation: You cannot study or cast Transmutations
                  | magic. [Ru sacrifice]
  4777 | Lair:1   | Gained mutation: You cannot study or cast Necromancy magic.
                  | [Ru sacrifice]
  4777 | Lair:1   | Reached ** piety under Ru
  5166 | Lair:3   | Found a staircase to the Shoals.
  5178 | Lair:3   | Noticed a skyshark
  5181 | Lair:3   | Reached skill level 16 in Unarmed Combat
  5224 | Lair:3   | Killed a skyshark
  5257 | Lair:3   | Reached XP level 13. HP: 10/96 MP: 5/14
  5260 | Lair:3   | HP: 5/115 [rime drake (3)]
  5296 | Lair:4   | Identified the of Cuxzoleb
  5307 | Lair:4   | Noticed a catoblepas
  5324 | Lair:4   | Killed a catoblepas
  5340 | Lair:4   | Reached skill level 17 in Unarmed Combat
  5352 | Lair:5   | Entered Level 5 of the Lair of Beasts
  5518 | Lair:5   | Noticed a death yak
  5518 | Lair:5   | Noticed a catoblepas
  5518 | Lair:5   | Noticed a death yak
  5518 | Lair:5   | Noticed a death yak
  5528 | Lair:5   | Killed a death yak
  5534 | Lair:5   | Killed a catoblepas
  5540 | Lair:5   | Killed a death yak
  5549 | Lair:5   | Killed a death yak
  5555 | Lair:5   | Noticed a deep troll shaman
  5563 | Lair:5   | Killed a deep troll shaman
  5674 | Lair:5   | Reached skill level 18 in Unarmed Combat
  5867 | Lair:4   | Gained mutation: You cannot be stealthy. [Ru sacrifice]
  5867 | Lair:4   | Reached *** piety under Ru
  5897 | Lair:4   | Found a viscous altar of Jiyva.
  5897 | Lair:4   | Found a staircase to the Slime Pits.
  5934 | Lair:4   | Noticed a four-headed hydra
  5942 | Lair:4   | Killed a four-headed hydra
  5968 | Lair:4   | Reached XP level 14. HP: 106/106 MP: 15/15
  6030 | Lair:4   | Found a dark tunnel.
  6070 | Volcano  | Entered a volcano
  6155 | Volcano  | Reached skill level 10 in Dodging
  6209 | Volcano  | Reached skill level 10 in Fighting
  6209 | Volcano  | Reached skill level 19 in Unarmed Combat
  6209 | Volcano  | Reached XP level 15. HP: 82/114 MP: 16/16
  6210 | Volcano  | Reached XP level 16. HP: 89/122 MP: 17/17
  6347 | Lair:4   | Found a runed translucent door.
  6349 | Lair:4   | Noticed Rudyous's ghost (journeyman DgFE)
  6350 | Lair:4   | Identified the +4 spear of Lehippeq {freeze, +Blink rPois
                  | Will+}
  6366 | Lair:4   | Killed Rudyous's ghost
  6515 | Lair:3   | Reached skill level 20 in Unarmed Combat
  6582 | Shoals:1 | Entered Level 1 of the Shoals
  6603 | Shoals:1 | Noticed Donald
  6612 | Shoals:1 | Killed Donald
  6727 | Shoals:1 | Found a transporter.
  6735 | Shoals:1 | Found a transporter.
  6771 | Shoals:1 | Gained mutation: You are somewhat inexperienced. (-1 XL)
                  | [Ru sacrifice]
  6771 | Shoals:1 | Reached XP level 15. HP: 104/140 MP: 11/16
  6771 | Shoals:1 | Reached **** piety under Ru
  6771 | Shoals:1 | Reached ***** piety under Ru
  6825 | Shoals:1 | Found a transporter.
  6860 | Shoals:1 | Found a transporter.
  6864 | Shoals:1 | Found a transporter.
  6864 | Shoals:1 | Found a transporter.
  6962 | Shoals:2 | Reached XP level 16. HP: 98/125 MP: 11/17
  6999 | Shoals:2 | Reached skill level 21 in Unarmed Combat
  7035 | Shoals:3 | HP: 5/150 [merfolk impaler/+1 trident of venom (3)]
  7035 | Shoals:3 | Mangled by a merfolk

Illustrated notes

Levels and vault maps discovered:
D:1:      roadster_arrival_rocket_large, layout_loops_ring
D:2:      layout_basic, uniq_sigmund, uniq_crazy_yiuf_cottage, uniq_natasha
D:3:      layout_basic, minmay_misc_feat_columns, grunt_ministairs_1
D:4:      layout_loops_ring, nicolae_gozag_cash_rules_everything_around_me
D:5:      layout_basic, nicolae_dithmenos_the_darkroom,
          minmay_temple_entry_hall, guppyfry_early_lair_pool, uniq_eustachio
D:6:      layout_basic, gammafunk_temple_overflow_statue, hangedman_glass_teeth,
          uniq_blork_the_orc
D:7:      layout_loops_ring, nzn_wu_jian_contemplation,
          eat_drink_and_be_merry_uskayaw, nicolae_twisty_statue_hallways
D:8:      layout_basic, mainiacjoe_overflow_tiny_flanked, serial_shops,
          shop_fountains
D:9:      layout_loops_ring, kennysheep_minor_cross, uniq_prince_ribbit1,
          uniq_gastronok, uniq_erolcha
D:10:     layout_grid_maze, dpeg_lair_monsters, minivault_16
Temple:   nicolae_temple_bog_church
Lair:1:   layout_roguey, uniq_grum
Lair:2:   gammafunk_indiana_jones, layout_small_grid, spider_nest_entry_rubble,
          chequers_serial_rivers_large_a
Lair:3:   layout_regular_city, minmay_shoals_entry_centaurs,
          serial_bayou_ford_a, st_stairs_8, nzn_random_ring
Lair:4:   layout_regular_city, dpeg_slime_entry_enclosed,
          ebering_ghost_funeral_grove, nicolae_volcano_entry_vermiform,
          minmay_hedge_maze, kilobyte_rumbling_trees
Lair:5:   grunt_lair_end_beastmaster, layout_long_grid, st_stairs_7,
          chequers_serial_rivers_room_a
Shoals:1: layout_shoals, serial_nicolae_subway, nicolae_sub_station_stone,
          nicolae_sub_station_crystal, nicolae_sub_station_metal, uniq_donald
Shoals:2: nicolae_shoals_deep_elves_summer_vacation, layout_shoals
Shoals:3: layout_shoals, serial_shops, shop

Skill      XL: |  1  2  3  4  5  6  7  8  9 10 11 12 13 14 15 16 |
---------------+-------------------------------------------------+-----
Unarmed Combat | 4 6 7 8 10 12 13 15 16 18 19 21 | 21.0
Shapeshifting  | 4 5 6 7 8 9 10 11 12 13 14 | 14.4
Fighting       | 4 6 7 9 10 12 | 12.0
Dodging        | 4 6 8 9 10 12 | 12.1

Action                     |  1- 3 |  4- 6 |  7- 9 | 10-12 | 13-15 | 16-18 || total
---------------------------+-------+-------+-------+-------+-------+-------++-------
  Melee: Unarmed           |    54 |    76 |   164 |   296 |   294 |   154 ||  1038
         Punch             |     2 |     3 |     2 |       |       |       ||     7
         Constrict         |       |       |    36 |    62 |    71 |    30 ||   199
 Invoke: Sacrifice Health  |       |       |     1 |       |       |       ||     1
         Sacrifice Arcana  |       |       |       |     1 |       |       ||     1
         Sacrifice Stealth |       |       |       |       |     1 |       ||     1
         Sacrifice Experie |       |       |       |       |     1 |       ||     1
  Evoke: Lightning rod     |       |       |       |       |       |     3 ||     3
         Condenser vane    |       |       |       |       |       |     1 ||     1
    Use: Potion            |       |     1 |       |       |     2 |     1 ||     4
         Scroll            |       |     6 |     4 |     2 |    11 |       ||    23
   Stab: Invisible         |       |       |       |     2 |     2 |     1 ||     5
         Distracted        |       |       |       |     1 |     1 |       ||     2
 Armour: Animal skin       |    28 |    27 |     8 |       |       |       ||    63
         Skin              |       |     6 |    84 |   152 |   115 |   109 ||   466
  Dodge: Dodged            |    31 |    29 |    97 |   364 |   260 |   199 ||   980
   Form: Anaconda          |       |       |     1 |       |       |       ||     1

Table legend: (Time is in decaauts)
 A = Elapsed time spent in this place.
 B = Non-inter-level travel time spent in this place.
 C = Inter-level travel time spent in this place.
 D = Time resting spent in this place.
 E = Time spent auto-exploring this place.
 F = Levels seen in this place.
 G = Mean time per level.
                   A        B        C        D        E       F      G
               +--------+--------+--------+--------+--------+-----+--------+
         Total |   6767 |   6483 |    284 |     43 |   3867 |  20 |  338.4 |
       Dungeon |   4480 |   4264 |    216 |      3 |   3168 |  10 |  448.0 |
        Temple |     42 |     42 |      0 |      0 |      0 |   1 |   42.0 |
          Lair |   1677 |   1609 |     68 |      0 |    670 |   5 |  335.4 |
        Shoals |    413 |    413 |      0 |     40 |     13 |   3 |  137.7 |
       Volcano |    153 |    153 |      0 |      0 |     16 |   1 |  153.0 |
               +--------+--------+--------+--------+--------+-----+--------+

Top non-repeatable levels by time:
     D:9: 676 daAuts
     D:5: 538 daAuts
     D:2: 521 daAuts
  Lair:5: 462 daAuts
     D:7: 459 daAuts
     D:1: 446 daAuts
  Lair:4: 437 daAuts
     D:3: 403 daAuts
     D:4: 397 daAuts
     D:6: 397 daAuts
     D:8: 354 daAuts
Shoals:1: 311 daAuts
  Lair:2: 300 daAuts
    D:10: 285 daAuts
  Lair:3: 243 daAuts
